[ AOE2 MATCH · #495959718 ]
UnrankedBohemians vs Maya
Player's team · LOSS
Rival team · WIN
[ REPLAY ANALYSIS · EXTRACTED FROM THE RECORDED GAME ]
Feudal
9:51
Castle
22:39
Imperial
—
| APM avg | 68.5 |
| APM peak | 113 |
| eAPM avg | 25.7 |
| Villagers / military | 60 / 91 |
Focus
⚔️ 24.6% · 🌾 75.4%
Archer ×83 · Hand Cannoneer ×6 · Skirmisher ×2
Feudal
10:34
Castle
21:25
Imperial
—
| APM avg | 69.5 |
| APM peak | 128 |
| eAPM avg | 30.3 |
| Villagers / military | 93 / 96 |
Focus
⚔️ 40.7% · 🌾 59.3%
Archer ×41 · Eagle Scout ×21 · Skirmisher ×10 · Scorpion ×6 · Battering Ram ×6 · Militia ×5
Match map
Initial resources + every placement click. Lines = walls · curves = elevation contours. ◆ gold · ⬟ stone · ● berries · ✦ relic · ◌ wall gap
Your base· Open — unwalled flank
Javisty's base· Open — 8t gap
Smoothed initial terrain · ◌ = detected wall gap · hover for details
Inputs per minute
— SirChorizo - - Javisty
Build order — SirChorizo
First 150 of 241 actions detected
| 0:01 | Queue | Villager (Male) |
| 0:01 | Queue | Villager (Male) |
| 0:02 | Build | House |
| 0:03 | Queue | Villager (Male) |
| 0:03 | Queue | Villager (Male) |
| 0:04 | Build | House |
| 1:34 | Queue | Villager (Male) |
| 1:35 | Queue | Villager (Male) |
| 1:57 | Queue | Villager (Male) |
| 1:57 | Queue | Villager (Male) |
| 2:12 | Build | Lumber Camp |
| 2:24 | Queue | Villager (Male) |
| 2:25 | Queue | Villager (Male) |
| 2:48 | Queue | Villager (Male) |
| 3:12 | Build | Palisade Wall |
| 3:13 | Build | Palisade Wall |
| 3:22 | Queue | Villager (Male) |
| 3:23 | Queue | Villager (Male) |
| 3:46 | Build | House |
| 4:14 | Queue | Villager (Male) |
| 4:17 | Queue | Villager (Male) |
| 4:17 | Queue | Villager (Male) |
| 4:18 | Queue | Villager (Male) |
| 4:45 | Build | Mill |
| 5:04 | Queue | Villager (Male) |
| 5:04 | Queue | Villager (Male) |
| 5:43 | Build | House |
| 5:46 | Build | Palisade Wall |
| 5:50 | Queue | Villager (Male) |
| 6:02 | Queue | Villager (Male) |
| 6:03 | Research | Loom |
| 6:03 | Research | Loom |
| 6:59 | Build | Mining Camp |
| 7:41 | Research | Feudal Age |
| 7:41 | Research | Feudal Age |
| 8:15 | Build | Barracks |
| 8:27 | Build | Palisade Wall |
| 8:28 | Build | Palisade Wall |
| 9:51 | Age | Feudal Age |
| 9:54 | Queue | Villager (Male) |
| 9:54 | Queue | Villager (Male) |
| 9:54 | Queue | Villager (Male) |
| 10:02 | Queue | Villager (Male) |
| 10:10 | Build | Archery Range |
| 10:12 | Research | Double-Bit Axe |
| 10:12 | Research | Double-Bit Axe |
| 10:40 | Build | Archery Range |
| 10:48 | Build | Palisade Wall |
| 10:49 | Build | Palisade Wall |
| 11:09 | Build | Blacksmith |
| 11:11 | Queue | Archer |
| 11:11 | Queue | Archer |
| 11:17 | Build | Palisade Wall |
| 11:18 | Build | Palisade Wall |
| 11:19 | Build | Palisade Wall |
| 11:22 | Queue | Villager (Male) |
| 11:32 | Queue | Villager (Male) |
| 11:43 | Build | House |
| 11:52 | Build | Palisade Wall |
| 11:56 | Build | Palisade Wall |
| 12:08 | Build | Palisade Wall |
| 12:20 | Queue | Archer |
| 12:21 | Queue | Archer |
| 12:21 | Queue | Archer |
| 12:21 | Queue | Archer |
| 12:34 | Queue | Villager (Male) |
| 12:35 | Queue | Villager (Male) |
| 13:03 | Build | House |
| 13:07 | Queue | Villager (Male) |
| 13:19 | Queue | Villager (Male) |
| 13:34 | Queue | Archer |
| 13:34 | Queue | Archer |
| 13:35 | Queue | Archer |
| 13:38 | Build | House |
| 13:46 | Build | House |
| 14:03 | Build | Lumber Camp |
| 14:10 | Queue | Archer |
| 14:10 | Queue | Archer |
| 14:11 | Queue | Archer |
| 14:14 | Queue | Skirmisher |
| 14:14 | Queue | Skirmisher |
| 14:19 | Build | Farm |
| 14:20 | Build | Farm |
| 14:20 | Build | Farm |
| 14:20 | Build | Farm |
| 14:21 | Build | Farm |
| 14:26 | Build | Palisade Wall |
| 14:41 | Queue | Villager (Male) |
| 14:46 | Build | Palisade Wall |
| 14:55 | Queue | Villager (Male) |
| 14:59 | Build | Farm |
| 15:08 | Build | Farm |
| 15:08 | Build | Farm |
| 15:09 | Build | Farm |
| 15:09 | Build | Farm |
| 15:35 | Queue | Villager (Male) |
| 15:38 | Build | Farm |
| 16:01 | Research | Fletching |
| 16:03 | Queue | Archer |
| 16:03 | Queue | Archer |
| 16:03 | Queue | Archer |
| 16:04 | Queue | Archer |
| 16:15 | Queue | Villager (Male) |
| 16:16 | Queue | Villager (Male) |
| 16:29 | Build | Farm |
| 16:29 | Build | Farm |
| 16:29 | Build | Farm |
| 16:29 | Build | Farm |
| 16:30 | Build | Farm |
| 16:58 | Queue | Villager (Male) |
| 16:58 | Queue | Villager (Male) |
| 17:13 | Build | House |
| 17:14 | Build | House |
| 17:28 | Queue | Villager (Male) |
| 17:31 | Queue | Villager (Male) |
| 17:37 | Build | Market |
| 18:18 | Queue | Villager (Male) |
| 18:21 | Build | Farm |
| 18:23 | Build | Farm |
| 18:24 | Build | Farm |
| 19:09 | Queue | Villager (Male) |
| 19:33 | Queue | Villager (Male) |
| 19:49 | Research | Castle Age |
| 20:04 | Queue | Archer |
| 20:05 | Queue | Archer |
| 20:14 | Queue | Archer |
| 20:15 | Queue | Archer |
| 20:20 | Build | Archery Range |
| 20:32 | Queue | Archer |
| 20:32 | Queue | Archer |
| 20:36 | Research | Padded Archer Armor |
| 20:36 | Research | Padded Archer Armor |
| 20:51 | Queue | Archer |
| 20:54 | Queue | Archer |
| 20:55 | Queue | Archer |
| 21:03 | Research | Horse Collar |
| 21:03 | Research | Horse Collar |
| 21:40 | Queue | Archer |
| 21:40 | Queue | Archer |
| 22:22 | Queue | Archer |
| 22:34 | Queue | Archer |
| 22:34 | Queue | Archer |
| 22:37 | Queue | Villager (Male) |
| 22:39 | Age | Castle Age |
| 22:41 | Research | Crossbowman (upgrade) |
| 22:41 | Research | Crossbowman (upgrade) |
| 22:47 | Queue | Villager (Male) |
| 22:52 | Build | University |
| 23:10 | Research | Bodkin Arrow |
| 23:10 | Research | Bodkin Arrow |
Build order — Javisty
First 150 of 324 actions detected
| 0:00 | Research | Loom |
| 0:01 | Queue | Villager (Male) |
| 0:02 | Build | House |
| 0:03 | Build | House |
| 0:21 | Queue | Villager (Male) |
| 0:22 | Queue | Villager (Male) |
| 1:18 | Queue | Villager (Male) |
| 1:55 | Build | Lumber Camp |
| 2:09 | Queue | Villager (Male) |
| 2:09 | Queue | Villager (Male) |
| 2:10 | Queue | Villager (Male) |
| 2:11 | Queue | Villager (Male) |
| 2:53 | Queue | Villager (Male) |
| 2:53 | Queue | Villager (Male) |
| 3:46 | Queue | Villager (Male) |
| 3:49 | Queue | Villager (Male) |
| 3:55 | Build | House |
| 3:58 | Queue | Villager (Male) |
| 4:30 | Build | Barracks |
| 4:36 | Queue | Villager (Male) |
| 4:58 | Build | House |
| 5:16 | Queue | Villager (Male) |
| 5:25 | Queue | Militia |
| 5:25 | Queue | Militia |
| 5:30 | Queue | Militia |
| 5:50 | Queue | Villager (Male) |
| 6:13 | Queue | Villager (Male) |
| 6:25 | Queue | Villager (Male) |
| 6:28 | Build | Mill |
| 6:42 | Build | Mill |
| 6:56 | Queue | Villager (Male) |
| 7:26 | Queue | Villager (Male) |
| 7:42 | Queue | Villager (Male) |
| 7:46 | Build | Mining Camp |
| 7:49 | Build | House |
| 8:24 | Research | Feudal Age |
| 8:48 | Build | Mill |
| 8:57 | Queue | Militia |
| 9:26 | Queue | Militia |
| 9:31 | Build | House |
| 10:03 | Queue | Villager (Male) |
| 10:34 | Age | Feudal Age |
| 10:36 | Build | Archery Range |
| 10:37 | Research | Man-at-Arms (upgrade) |
| 10:39 | Research | Double-Bit Axe |
| 10:58 | Queue | Villager (Male) |
| 11:17 | Queue | Villager (Male) |
| 11:25 | Queue | Skirmisher |
| 11:26 | Queue | Spearman |
| 11:34 | Queue | Villager (Male) |
| 11:42 | Queue | Villager (Male) |
| 11:47 | Queue | Archer |
| 11:47 | Queue | Archer |
| 12:11 | Queue | Villager (Male) |
| 12:15 | Build | Blacksmith |
| 12:16 | Build | House |
| 12:17 | Build | House |
| 12:18 | Queue | Villager (Male) |
| 12:23 | Build | Farm |
| 12:24 | Build | Farm |
| 12:25 | Build | Farm |
| 12:29 | Build | Palisade Wall |
| 12:31 | Build | Palisade Wall |
| 12:34 | Queue | Archer |
| 12:51 | Queue | Villager (Male) |
| 12:57 | Build | House |
| 12:59 | Build | House |
| 13:10 | Research | Fletching |
| 13:10 | Queue | Villager (Male) |
| 13:25 | Queue | Archer |
| 13:28 | Build | Farm |
| 13:31 | Build | Farm |
| 13:34 | Build | Palisade Wall |
| 13:38 | Build | Palisade Wall |
| 13:47 | Queue | Villager (Male) |
| 13:49 | Build | Palisade Wall |
| 13:50 | Build | Palisade Wall |
| 13:51 | Queue | Archer |
| 13:56 | Build | Palisade Wall |
| 13:57 | Build | Palisade Wall |
| 13:58 | Build | Palisade Wall |
| 13:59 | Build | Palisade Wall |
| 14:07 | Queue | Villager (Male) |
| 14:21 | Build | Farm |
| 14:22 | Build | Farm |
| 14:23 | Build | Farm |
| 14:23 | Build | Farm |
| 14:25 | Build | Farm |
| 14:34 | Queue | Archer |
| 14:40 | Build | House |
| 14:52 | Queue | Villager (Male) |
| 14:58 | Queue | Archer |
| 15:07 | Build | Palisade Gate |
| 15:13 | Queue | Villager (Male) |
| 15:21 | Queue | Villager (Male) |
| 15:23 | Build | Farm |
| 15:27 | Build | Farm |
| 15:28 | Queue | Villager (Male) |
| 15:31 | Build | Farm |
| 15:38 | Queue | Archer |
| 15:43 | Build | Palisade Wall |
| 15:47 | Queue | Villager (Male) |
| 16:04 | Build | Farm |
| 16:22 | Queue | Villager (Male) |
| 16:23 | Queue | Archer |
| 16:23 | Queue | Archer |
| 16:26 | Build | Farm |
| 16:28 | Build | Farm |
| 16:35 | Queue | Villager (Male) |
| 16:36 | Queue | Archer |
| 16:57 | Build | Farm |
| 17:08 | Build | Archery Range |
| 17:10 | Build | Archery Range |
| 17:17 | Build | Farm |
| 17:35 | Queue | Archer |
| 17:40 | Queue | Archer |
| 17:46 | Build | Farm |
| 18:16 | Queue | Archer |
| 18:16 | Queue | Villager (Male) |
| 18:30 | Build | Lumber Camp |
| 18:40 | Research | Castle Age |
| 18:52 | Queue | Archer |
| 18:53 | Research | Padded Archer Armor |
| 19:07 | Research | Horse Collar |
| 19:13 | Queue | Archer |
| 19:25 | Queue | Villager (Male) |
| 19:33 | Research | Gold Mining |
| 19:41 | Queue | Archer |
| 19:50 | Queue | Archer |
| 20:07 | Queue | Archer |
| 20:14 | Queue | Archer |
| 20:24 | Queue | Eagle Scout |
| 20:55 | Build | House |
| 20:58 | Build | House |
| 21:01 | Build | House |
| 21:04 | Queue | Archer |
| 21:25 | Age | Castle Age |
| 21:28 | Research | Crossbowman (upgrade) |
| 21:32 | Research | Bodkin Arrow |
| 21:35 | Research | Bow Saw |
| 21:35 | Queue | Villager (Male) |
| 21:42 | Queue | Villager (Male) |
| 21:46 | Build | Town Center |
| 22:14 | Queue | Villager (Male) |
| 22:14 | Queue | Villager (Male) |
| 22:27 | Build | Siege Workshop |
| 22:29 | Queue | Villager (Male) |
| 22:30 | Queue | Archer |
| 22:32 | Queue | Archer |
| 22:49 | Research | Leather Archer Armor |
Match timeline
| 3:12 | SirChorizo · wall_segment Palisade Wall x1 |
| 3:13 | SirChorizo · wall_segment Palisade Wall x1 |
| 4:30 | Javisty · first_building Barracks |
| 5:46 | SirChorizo · wall_segment Palisade Wall x2 |
| 8:15 | SirChorizo · first_building Barracks |
| 8:27 | SirChorizo · wall_segment Palisade Wall x1 |
| 8:28 | SirChorizo · wall_segment Palisade Wall x1 |
| 9:51 | SirChorizo · age_up feudal |
| 10:10 | SirChorizo · first_building Archery Range |
| 10:34 | Javisty · age_up feudal |
| 10:36 | Javisty · first_building Archery Range |
| 10:48 | SirChorizo · wall_segment Palisade Wall x1 |
| 10:49 | SirChorizo · wall_segment Palisade Wall x1 |
| 11:17 | SirChorizo · wall_segment Palisade Wall x1 |
| 11:18 | SirChorizo · wall_segment Palisade Wall x1 |
| 11:19 | SirChorizo · wall_segment Palisade Wall x1 |
| 11:52 | SirChorizo · wall_segment Palisade Wall x1 |
| 11:56 | SirChorizo · wall_segment Palisade Wall x1 |
| 12:08 | SirChorizo · wall_segment Palisade Wall x1 |
| 12:29 | Javisty · wall_segment Palisade Wall x1 |
| 12:31 | Javisty · wall_segment Palisade Wall x3 |
| 13:34 | Javisty · wall_segment Palisade Wall x4 |
| 13:38 | Javisty · wall_segment Palisade Wall x1 |
| 13:49 | Javisty · wall_segment Palisade Wall x1 |
| 13:50 | Javisty · wall_segment Palisade Wall x1 |
| 13:56 | Javisty · wall_segment Palisade Wall x1 |
| 13:57 | Javisty · wall_segment Palisade Wall x1 |
| 13:58 | Javisty · wall_segment Palisade Wall x1 |
| 13:59 | Javisty · wall_segment Palisade Wall x1 |
| 14:26 | SirChorizo · wall_segment Palisade Wall x3 |
| 14:46 | SirChorizo · wall_segment Palisade Wall x1 |
| 15:43 | Javisty · wall_segment Palisade Wall x1 |
| 18:41 | SirChorizo · first_market_sell 500 stone |
| 18:43 | SirChorizo · first_market_buy 100 food |
| 21:25 | Javisty · age_up castle |
| 22:27 | Javisty · first_building Siege Workshop |
| 22:39 | SirChorizo · age_up castle |
| 24:24 | Javisty · first_building Monastery |
| 29:10 | SirChorizo · first_building Siege Workshop |
| 29:50 | Javisty · first_market_sell 100 wood |
| 33:31 | SirChorizo · resign |
[ AI ANALYSIS · 1 CREDIT ]
What really happened in this match?
Wolo.gg analyzes every decision: build order, eco, micro, common mistakes by bracket. Personalized analysis on WhatsApp or Discord in 30 seconds.
Civ guide
Bohemians
Perfil
Jugador #4060802